[ AOE2 MATCH · #504633651 ]
UnrankedBerbers vs Tatars
[ REPLAY ANALYSIS · EXTRACTED FROM THE RECORDED GAME ]
Feudal
12:28
Castle
28:21
Imperial
—
| APM avg | 31.5 |
| APM peak | 54 |
| eAPM avg | 15.0 |
| Villagers / military | 51 / 37 |
Focus
⚔️ 33.8% · 🌾 66.2%
Scout Cavalry ×18 · Fishing Ship ×17 · Skirmisher ×11 · Archer ×5 · Spearman ×2 · Demolition Raft ×1
Feudal
14:10
Castle
20:10
Imperial
—
| APM avg | 61.2 |
| APM peak | 95 |
| eAPM avg | 30.1 |
| Villagers / military | 43 / 55 |
Focus
⚔️ 34.4% · 🌾 65.6%
Cavalry Archer ×48 · Battering Ram ×6 · Spearman ×1
Feudal
14:52
Castle
18:47
Imperial
—
| APM avg | 24.1 |
| APM peak | 50 |
| eAPM avg | 13.8 |
| Villagers / military | 59 / 40 |
Focus
⚔️ 31.2% · 🌾 68.8%
Archer ×36 · Battering Ram ×3 · Mangonel ×1
Feudal
12:09
Castle
29:04
Imperial
—
| APM avg | 34.4 |
| APM peak | 65 |
| eAPM avg | 14.6 |
| Villagers / military | 67 / 43 |
Focus
⚔️ 32.1% · 🌾 67.9%
Scout Cavalry ×28 · Knight ×12 · Spearman ×3
Feudal
11:45
Castle
22:50
Imperial
—
| APM avg | 59.2 |
| APM peak | 107 |
| eAPM avg | 20.4 |
| Villagers / military | 58 / 39 |
Focus
⚔️ 42.0% · 🌾 58.0%
Cavalry Archer ×23 · Archer ×6 · Scout Cavalry ×6 · Battering Ram ×4
Feudal
13:11
Castle
—
Imperial
—
| APM avg | 70.5 |
| APM peak | 152 |
| eAPM avg | 28.7 |
| Villagers / military | 60 / 41 |
Focus
⚔️ 48.2% · 🌾 51.8%
Archer ×26 · Skirmisher ×12 · Spearman ×3
Feudal
11:34
Castle
—
Imperial
—
| APM avg | 34.5 |
| APM peak | 72 |
| eAPM avg | 15.4 |
| Villagers / military | 66 / 50 |
Focus
⚔️ 31.7% · 🌾 68.3%
Scout Cavalry ×50
Feudal
12:54
Castle
27:14
Imperial
—
| APM avg | 26.4 |
| APM peak | 67 |
| eAPM avg | 12.5 |
| Villagers / military | 53 / 25 |
Focus
⚔️ 33.2% · 🌾 66.8%
Skirmisher ×15 · Spearman ×7 · Militia ×3
Match map
Initial resources + every placement click. Lines = walls · curves = elevation contours. ◆ gold · ⬟ stone · ● berries · ✦ relic · ◌ wall gap
Your base· Open — 4t gap
HIX | Jager_Master's base· Open — unwalled flank
祈求好运's base· Open — unwalled flank
RogerRamjet's base· Open — 3t gap
[Gaucho] Santi's base· Open — 11t gap
HIX | Joako's base· Open — unwalled flank
niap_cinorhc's base· Open — unwalled flank
HIX | Mark Anthony's base· Open — unwalled flank
Smoothed initial terrain · ◌ = detected wall gap · hover for details
Inputs per minute
— Dunperta - - HIX | Jager_Master
Build order — Dunperta
First 150 of 189 actions detected
| 0:12 | Build | Town Center |
| 1:32 | Build | House |
| 1:49 | Build | House |
| 2:19 | Queue | Villager (Male) ×4 |
| 2:50 | Build | House |
| 3:05 | Build | House |
| 3:20 | Build | House |
| 3:28 | Queue | Villager (Male) |
| 4:00 | Queue | Villager (Male) |
| 4:25 | Queue | Villager (Male) |
| 5:01 | Build | House |
| 5:09 | Queue | Villager (Male) |
| 5:33 | Queue | Villager (Male) |
| 5:43 | Build | Dock |
| 5:49 | Build | Palisade Wall |
| 5:57 | Build | House |
| 6:02 | Queue | Villager (Male) |
| 6:18 | Queue | Villager (Male) |
| 6:26 | Queue | Fishing Ship |
| 6:39 | Queue | Villager (Male) |
| 6:45 | Queue | Villager (Male) |
| 7:17 | Queue | Villager (Male) |
| 7:20 | Queue | Fishing Ship |
| 7:23 | Build | House |
| 7:35 | Build | Palisade Wall |
| 7:45 | Queue | Villager (Male) |
| 8:08 | Queue | Fishing Ship |
| 8:10 | Queue | Villager (Male) |
| 8:36 | Queue | Villager (Male) |
| 8:53 | Build | House |
| 9:21 | Build | Barracks |
| 9:25 | Queue | Villager (Male) |
| 9:39 | Research | Loom |
| 9:44 | Queue | Fishing Ship |
| 10:18 | Research | Feudal Age |
| 10:31 | Build | Mill |
| 11:11 | Build | Mining Camp |
| 11:30 | Build | Mill |
| 12:22 | Queue | Villager (Male) |
| 12:28 | Age | Feudal Age |
| 12:30 | Build | Archery Range |
| 12:36 | Build | Blacksmith |
| 12:41 | Queue | Villager (Male) |
| 12:52 | Research | Town Watch |
| 13:02 | Build | Palisade Wall |
| 13:03 | Build | Palisade Wall |
| 13:04 | Build | Palisade Wall |
| 13:05 | Build | Palisade Wall |
| 13:06 | Build | Palisade Wall |
| 13:08 | Build | Palisade Wall |
| 13:09 | Build | Palisade Wall |
| 13:10 | Build | Palisade Wall |
| 13:11 | Build | Palisade Wall |
| 13:13 | Build | Palisade Wall |
| 13:23 | Research | Fletching |
| 13:24 | Queue | Archer |
| 13:25 | Build | House |
| 13:27 | Queue | Villager (Male) |
| 13:36 | Build | House |
| 13:43 | Build | Lumber Camp |
| 13:59 | Queue | Villager (Male) |
| 14:05 | Build | House |
| 14:13 | Queue | Archer |
| 14:19 | Queue | Villager (Male) |
| 14:38 | Queue | Archer |
| 15:03 | Queue | Archer |
| 15:17 | Queue | Villager (Male) |
| 15:24 | Build | House |
| 15:24 | Queue | Villager (Male) |
| 15:36 | Queue | Villager (Male) |
| 15:38 | Research | Horse Collar |
| 16:03 | Queue | Archer |
| 16:10 | Queue | Villager (Male) |
| 16:11 | Build | Farm |
| 16:13 | Build | Farm |
| 16:15 | Research | Double-Bit Axe |
| 16:15 | Queue | Fishing Ship |
| 16:28 | Queue | Skirmisher |
| 16:35 | Queue | Villager (Male) |
| 16:47 | Queue | Skirmisher |
| 16:51 | Research | Padded Archer Armor |
| 16:51 | Queue | Villager (Male) |
| 16:57 | Queue | Skirmisher |
| 17:01 | Queue | Fishing Ship |
| 17:13 | Queue | Villager (Male) |
| 17:33 | Queue | Skirmisher |
| 17:41 | Build | Stable |
| 17:49 | Queue | Villager (Male) |
| 18:08 | Build | House |
| 18:31 | Build | Fish Trap |
| 18:32 | Build | Fish Trap |
| 18:35 | Queue | Scout Cavalry |
| 18:40 | Build | House |
| 18:44 | Queue | Skirmisher |
| 19:02 | Queue | Scout Cavalry |
| 19:16 | Queue | Scout Cavalry |
| 19:18 | Queue | Villager (Male) |
| 19:19 | Queue | Villager (Male) |
| 19:24 | Queue | Villager (Male) |
| 19:37 | Queue | Villager (Male) |
| 19:41 | Research | Tech 906 |
| 19:46 | Queue | Skirmisher |
| 19:46 | Queue | Skirmisher |
| 20:03 | Queue | Scout Cavalry |
| 20:14 | Build | Fish Trap |
| 20:15 | Queue | Fishing Ship |
| 20:17 | Build | Fish Trap |
| 20:19 | Build | Fish Trap |
| 20:21 | Build | Fish Trap |
| 20:38 | Queue | Villager (Male) |
| 20:41 | Queue | Skirmisher |
| 21:00 | Queue | Skirmisher |
| 21:11 | Queue | Scout Cavalry |
| 21:21 | Build | Farm |
| 21:22 | Queue | Fishing Ship |
| 21:25 | Build | Fish Trap |
| 21:26 | Queue | Spearman |
| 21:35 | Queue | Villager (Male) |
| 21:44 | Queue | Fishing Ship |
| 21:58 | Queue | Scout Cavalry |
| 22:00 | Research | Forging |
| 22:00 | Queue | Villager (Male) |
| 22:03 | Build | Farm |
| 22:07 | Build | Stable |
| 22:10 | Build | Mill |
| 22:13 | Queue | Villager (Male) |
| 22:15 | Build | Farm |
| 22:26 | Queue | Villager (Male) |
| 22:36 | Queue | Skirmisher |
| 22:37 | Queue | Skirmisher |
| 22:54 | Queue | Villager (Male) |
| 22:56 | Research | Bloodlines |
| 23:05 | Build | Fish Trap |
| 23:08 | Queue | Villager (Male) |
| 23:09 | Queue | Villager (Male) |
| 23:09 | Queue | Villager (Male) |
| 23:33 | Queue | Scout Cavalry |
| 23:33 | Queue | Scout Cavalry |
| 23:40 | Build | Fish Trap |
| 23:41 | Queue | Demolition Raft |
| 24:09 | Research | Scale Barding Armor |
| 24:10 | Queue | Fishing Ship |
| 24:27 | Build | Lumber Camp |
| 24:40 | Build | Farm |
| 24:43 | Build | Dock |
| 25:21 | Queue | Spearman |
| 25:30 | Queue | Fishing Ship |
| 25:39 | Queue | Scout Cavalry |
| 25:40 | Queue | Scout Cavalry |
| 25:41 | Research | Castle Age |
Build order — HIX | Jager_Master
First 150 of 156 actions detected
| 0:30 | Build | Town Center |
| 2:12 | Build | House |
| 2:38 | Queue | Villager (Male) ×4 |
| 2:38 | Queue | Villager (Male) ×4 |
| 3:05 | Build | House |
| 3:18 | Build | House |
| 3:32 | Build | House |
| 3:48 | Build | House |
| 3:57 | Queue | Villager (Male) |
| 3:58 | Queue | Villager (Male) |
| 3:59 | Build | House |
| 4:06 | Build | House |
| 4:13 | Build | House |
| 4:27 | Build | House |
| 4:49 | Queue | Villager (Male) |
| 4:49 | Queue | Villager (Male) |
| 4:57 | Build | House |
| 5:21 | Build | Lumber Camp |
| 5:44 | Queue | Villager (Male) |
| 5:44 | Queue | Villager (Male) |
| 5:50 | Build | House |
| 6:15 | Queue | Villager (Male) |
| 6:15 | Queue | Villager (Male) |
| 6:33 | Queue | Villager (Male) |
| 6:55 | Build | Palisade Gate |
| 7:05 | Queue | Villager (Male) |
| 7:10 | Build | Palisade Gate |
| 7:24 | Build | Mill |
| 7:57 | Queue | Villager (Male) |
| 7:57 | Queue | Villager (Male) |
| 8:02 | Queue | Villager (Male) |
| 8:51 | Queue | Villager (Male) |
| 8:52 | Queue | Villager (Male) |
| 9:15 | Build | House |
| 9:16 | Build | House |
| 9:38 | Queue | Villager (Male) |
| 9:52 | Queue | Villager (Male) |
| 10:20 | Build | House |
| 10:29 | Queue | Villager (Male) |
| 10:34 | Build | House |
| 10:52 | Build | Palisade Gate |
| 11:03 | Queue | Villager (Male) |
| 11:07 | Build | Palisade Gate |
| 11:18 | Build | Palisade Gate |
| 11:35 | Build | Mining Camp |
| 11:52 | Research | Feudal Age |
| 12:07 | Build | Barracks |
| 12:09 | Build | House |
| 13:10 | Queue | Villager (Male) |
| 13:10 | Queue | Villager (Male) |
| 13:10 | Queue | Villager (Male) |
| 13:11 | Queue | Villager (Male) |
| 13:32 | Research | Loom |
| 13:33 | Queue | Villager (Male) |
| 13:34 | Queue | Villager (Male) |
| 13:34 | Queue | Villager (Male) |
| 14:10 | Age | Feudal Age |
| 14:17 | Build | Market |
| 14:24 | Build | Blacksmith |
| 14:29 | Queue | Villager (Male) |
| 14:49 | Build | Palisade Gate |
| 14:51 | Build | Palisade Wall |
| 14:52 | Build | Palisade Wall |
| 14:59 | Build | Palisade Gate |
| 15:08 | Queue | Villager (Male) |
| 15:21 | Build | Palisade Gate |
| 15:31 | Build | Archery Range |
| 15:38 | Queue | Spearman |
| 15:47 | Build | Palisade Gate |
| 15:49 | Build | House |
| 15:51 | Build | Palisade Wall |
| 15:52 | Build | Palisade Wall |
| 16:17 | Build | Archery Range |
| 16:23 | Queue | Villager (Male) |
| 16:25 | Queue | Villager (Male) |
| 16:51 | Build | Archery Range |
| 17:19 | Research | Castle Age |
| 17:22 | Research | Double-Bit Axe |
| 17:28 | Research | Gold Mining |
| 17:28 | Research | Gold Mining |
| 17:58 | Build | Palisade Gate |
| 18:02 | Build | Palisade Gate |
| 18:15 | Build | Palisade Gate |
| 19:02 | Build | House |
| 19:11 | Build | Palisade Gate |
| 20:02 | Research | Fletching |
| 20:02 | Research | Fletching |
| 20:10 | Age | Castle Age |
| 20:13 | Queue | Cavalry Archer |
| 20:13 | Queue | Cavalry Archer |
| 20:13 | Queue | Cavalry Archer |
| 20:17 | Build | Lumber Camp |
| 20:32 | Build | Siege Workshop |
| 20:51 | Research | Bodkin Arrow |
| 20:52 | Research | Bodkin Arrow |
| 21:14 | Build | House |
| 21:34 | Queue | Villager (Male) |
| 21:47 | Queue | Cavalry Archer |
| 21:51 | Build | House |
| 21:53 | Build | House |
| 21:56 | Build | Palisade Wall |
| 21:58 | Build | House |
| 22:04 | Queue | Cavalry Archer |
| 22:05 | Queue | Cavalry Archer |
| 22:10 | Build | House |
| 22:12 | Build | Palisade Wall |
| 22:16 | Build | House |
| 22:23 | Queue | Cavalry Archer |
| 22:23 | Queue | Cavalry Archer |
| 22:23 | Queue | Cavalry Archer |
| 22:25 | Queue | Villager (Male) |
| 22:26 | Queue | Villager (Male) |
| 22:38 | Queue | Cavalry Archer |
| 22:38 | Queue | Cavalry Archer |
| 22:53 | Queue | Battering Ram |
| 23:01 | Build | House |
| 23:04 | Build | Palisade Wall |
| 23:08 | Build | House |
| 23:10 | Build | House |
| 23:13 | Queue | Cavalry Archer |
| 23:29 | Queue | Cavalry Archer |
| 23:29 | Queue | Cavalry Archer |
| 23:30 | Queue | Cavalry Archer |
| 23:49 | Queue | Cavalry Archer |
| 23:49 | Queue | Cavalry Archer |
| 24:03 | Queue | Villager (Male) |
| 24:04 | Queue | Villager (Male) |
| 24:26 | Build | Palisade Gate |
| 25:26 | Queue | Cavalry Archer |
| 25:26 | Queue | Cavalry Archer |
| 25:30 | Queue | Cavalry Archer ×5 |
| 25:31 | Queue | Cavalry Archer ×5 |
| 26:02 | Queue | Battering Ram |
| 26:02 | Queue | Battering Ram |
| 26:02 | Queue | Battering Ram |
| 26:33 | Queue | Cavalry Archer |
| 26:33 | Queue | Cavalry Archer |
| 26:33 | Queue | Cavalry Archer |
| 26:45 | Queue | Battering Ram |
| 26:46 | Queue | Battering Ram |
| 27:27 | Queue | Cavalry Archer |
| 27:27 | Queue | Cavalry Archer |
| 27:27 | Queue | Cavalry Archer |
| 27:47 | Queue | Cavalry Archer |
| 27:47 | Queue | Cavalry Archer |
| 27:57 | Queue | Cavalry Archer |
| 27:57 | Queue | Cavalry Archer |
| 28:24 | Queue | Cavalry Archer |
| 28:33 | Queue | Cavalry Archer |
| 28:33 | Queue | Cavalry Archer |
Build order — 祈求好运
First 150 of 172 actions detected
| 0:17 | Build | Town Center |
| 2:20 | Build | House |
| 2:34 | Queue | Villager (Male) |
| 2:35 | Queue | Villager (Male) |
| 2:35 | Queue | Villager (Male) |
| 2:35 | Queue | Villager (Male) |
| 3:28 | Queue | Villager (Male) |
| 4:35 | Queue | Villager (Male) |
| 4:35 | Queue | Villager (Male) |
| 4:43 | Build | House |
| 4:56 | Queue | Villager (Male) |
| 5:10 | Build | Lumber Camp |
| 5:39 | Queue | Villager (Male) |
| 5:39 | Queue | Villager (Male) |
| 5:39 | Queue | Villager (Male) |
| 5:39 | Queue | Villager (Male) |
| 6:33 | Queue | Villager (Male) |
| 6:33 | Queue | Villager (Male) |
| 6:33 | Queue | Villager (Male) |
| 6:49 | Build | House |
| 7:10 | Queue | Villager (Male) |
| 7:38 | Queue | Villager (Male) |
| 7:38 | Queue | Villager (Male) |
| 7:54 | Queue | Villager (Male) |
| 7:54 | Queue | Villager (Male) |
| 8:51 | Build | Mill |
| 9:06 | Queue | Villager (Male) |
| 9:09 | Queue | Villager (Male) |
| 9:10 | Queue | Villager (Male) |
| 9:42 | Build | House |
| 9:47 | Research | Loom |
| 9:57 | Queue | Villager (Male) |
| 10:15 | Queue | Villager (Male) |
| 10:15 | Queue | Villager (Male) |
| 10:15 | Queue | Villager (Male) |
| 10:32 | Queue | Villager (Male) |
| 10:32 | Queue | Villager (Male) |
| 11:06 | Build | Palisade Wall |
| 11:23 | Build | House |
| 11:44 | Build | Mining Camp |
| 12:10 | Build | Palisade Wall |
| 12:20 | Research | Feudal Age |
| 12:36 | Build | Palisade Wall |
| 12:52 | Build | Barracks |
| 12:59 | Build | Palisade Wall |
| 13:51 | Queue | Villager (Male) |
| 14:39 | Build | House |
| 14:52 | Age | Feudal Age |
| 14:55 | Build | Palisade Wall |
| 15:00 | Build | Archery Range |
| 15:09 | Build | Blacksmith |
| 15:15 | Queue | Villager (Male) |
| 15:18 | Research | Double-Bit Axe |
| 15:39 | Queue | Villager (Male) |
| 16:01 | Build | Palisade Gate |
| 16:05 | Research | Castle Age |
| 16:16 | Research | Fletching |
| 16:21 | Build | Archery Range |
| 16:30 | Queue | Archer |
| 16:34 | Research | Padded Archer Armor |
| 16:50 | Build | Palisade Wall |
| 16:59 | Queue | Archer |
| 17:11 | Research | Gold Mining |
| 17:24 | Build | House |
| 17:29 | Queue | Archer |
| 17:30 | Queue | Archer |
| 17:38 | Queue | Villager (Male) |
| 17:49 | Build | Palisade Gate |
| 18:33 | Build | House |
| 18:37 | Build | Palisade Wall |
| 18:47 | Age | Castle Age |
| 18:49 | Research | Crossbowman (upgrade) |
| 18:51 | Research | Bodkin Arrow |
| 18:53 | Queue | Archer |
| 18:53 | Queue | Archer |
| 19:04 | Build | Town Center |
| 19:31 | Queue | Archer |
| 19:31 | Queue | Archer |
| 20:08 | Queue | Villager (Male) |
| 20:10 | Research | Leather Archer Armor |
| 20:17 | Queue | Villager (Male) |
| 20:27 | Queue | Archer |
| 20:48 | Build | House |
| 20:58 | Queue | Archer |
| 20:58 | Queue | Archer |
| 21:05 | Queue | Villager (Male) |
| 21:06 | Queue | Villager (Male) |
| 21:23 | Queue | Villager (Male) |
| 21:27 | Build | Farm |
| 21:28 | Build | Farm |
| 21:29 | Build | Farm |
| 21:31 | Build | Farm |
| 21:32 | Build | Farm |
| 21:33 | Build | Farm |
| 21:42 | Queue | Archer |
| 21:42 | Queue | Archer |
| 21:52 | Queue | Villager (Male) |
| 21:53 | Queue | Villager (Male) |
| 22:13 | Queue | Archer |
| 22:13 | Queue | Archer |
| 22:13 | Queue | Archer |
| 22:14 | Queue | Archer |
| 22:14 | Queue | Archer |
| 22:39 | Queue | Archer |
| 22:39 | Queue | Archer |
| 22:41 | Queue | Villager (Male) |
| 22:59 | Queue | Archer |
| 22:59 | Queue | Archer |
| 22:59 | Queue | Archer |
| 23:06 | Build | University |
| 23:14 | Queue | Archer |
| 23:26 | Queue | Villager (Male) |
| 23:27 | Queue | Villager (Male) |
| 23:29 | Build | House |
| 24:06 | Build | House |
| 24:16 | Research | Ballistics |
| 24:23 | Queue | Archer |
| 24:35 | Queue | Villager (Male) |
| 24:35 | Queue | Villager (Male) |
| 24:36 | Queue | Villager (Male) |
| 24:41 | Queue | Archer |
| 24:57 | Queue | Villager (Male) |
| 24:57 | Queue | Villager (Male) |
| 25:00 | Build | House |
| 25:21 | Build | Siege Workshop |
| 25:31 | Queue | Archer |
| 25:31 | Queue | Archer |
| 25:38 | Build | House |
| 25:39 | Build | House |
| 25:57 | Queue | Villager (Male) |
| 25:57 | Queue | Villager (Male) |
| 26:07 | Queue | Mangonel |
| 26:09 | Build | House |
| 26:27 | Queue | Archer |
| 26:27 | Queue | Archer |
| 26:27 | Queue | Archer |
| 26:28 | Queue | Archer |
| 26:39 | Queue | Villager (Male) |
| 26:40 | Queue | Villager (Male) |
| 27:05 | Queue | Battering Ram |
| 27:05 | Queue | Battering Ram |
| 27:08 | Queue | Villager (Male) |
| 27:09 | Queue | Villager (Male) |
| 27:29 | Queue | Archer |
| 27:30 | Queue | Archer |
| 27:30 | Queue | Archer |
| 27:30 | Queue | Archer |
| 27:38 | Queue | Villager (Male) |
| 27:40 | Build | House |
| 27:41 | Build | House |
Build order — RogerRamjet
First 150 of 192 actions detected
| 0:15 | Build | Town Center |
| 2:02 | Build | House |
| 2:29 | Queue | Villager (Male) |
| 2:29 | Queue | Villager (Male) |
| 2:29 | Queue | Villager (Male) |
| 2:30 | Queue | Villager (Male) |
| 2:30 | Queue | Villager (Male) |
| 2:55 | Build | House |
| 3:40 | Queue | Villager (Male) |
| 3:40 | Queue | Villager (Male) |
| 4:25 | Queue | Villager (Male) |
| 4:25 | Queue | Villager (Male) |
| 4:26 | Queue | Villager (Male) |
| 5:04 | Build | House |
| 5:15 | Research | Loom |
| 5:44 | Queue | Villager (Male) |
| 5:51 | Queue | Villager (Male) |
| 5:51 | Queue | Villager (Male) |
| 5:51 | Queue | Villager (Male) |
| 5:58 | Queue | Villager (Male) |
| 5:59 | Queue | Villager (Male) |
| 7:13 | Build | House |
| 7:23 | Queue | Villager (Male) |
| 7:23 | Queue | Villager (Male) |
| 7:34 | Build | Mill |
| 7:41 | Queue | Villager (Male) |
| 8:52 | Queue | Villager (Male) |
| 9:18 | Build | House |
| 9:25 | Build | House |
| 9:28 | Queue | Villager (Male) |
| 9:30 | Queue | Villager (Male) |
| 9:57 | Research | Feudal Age |
| 10:05 | Build | Barracks |
| 11:23 | Queue | Villager (Male) |
| 11:24 | Queue | Villager (Male) |
| 12:09 | Age | Feudal Age |
| 12:11 | Build | Stable |
| 12:13 | Research | Double-Bit Axe |
| 12:13 | Research | Double-Bit Axe |
| 12:26 | Queue | Spearman |
| 12:42 | Build | House |
| 12:52 | Queue | Scout Cavalry |
| 12:52 | Queue | Scout Cavalry |
| 12:57 | Queue | Villager (Male) |
| 13:19 | Queue | Scout Cavalry |
| 13:23 | Build | House |
| 13:28 | Queue | Villager (Male) |
| 13:47 | Build | Palisade Wall |
| 13:54 | Queue | Villager (Male) |
| 13:57 | Build | Blacksmith |
| 14:06 | Queue | Scout Cavalry |
| 14:10 | Queue | Villager (Male) |
| 14:32 | Build | House |
| 14:48 | Queue | Spearman |
| 14:56 | Queue | Scout Cavalry |
| 15:05 | Build | Farm |
| 15:06 | Build | Farm |
| 15:06 | Queue | Villager (Male) |
| 15:09 | Research | Wheelbarrow |
| 15:09 | Research | Wheelbarrow |
| 15:18 | Queue | Villager (Male) |
| 15:18 | Queue | Villager (Male) |
| 15:22 | Queue | Scout Cavalry |
| 15:51 | Build | Farm |
| 15:53 | Queue | Villager (Male) |
| 16:00 | Build | Mule Cart |
| 16:02 | Queue | Spearman |
| 16:13 | Queue | Villager (Male) |
| 16:19 | Queue | Villager (Male) |
| 16:32 | Build | Stable |
| 16:33 | Queue | Villager (Male) |
| 16:44 | Research | Forging |
| 16:44 | Research | Forging |
| 16:50 | Queue | Scout Cavalry |
| 16:51 | Queue | Scout Cavalry |
| 17:07 | Queue | Villager (Male) |
| 17:11 | Queue | Villager (Male) |
| 17:21 | Queue | Scout Cavalry |
| 17:22 | Queue | Scout Cavalry |
| 17:36 | Build | Farm |
| 17:37 | Queue | Villager (Male) |
| 17:57 | Build | House |
| 18:01 | Build | House |
| 18:01 | Build | House |
| 18:09 | Research | Horse Collar |
| 18:09 | Research | Horse Collar |
| 18:10 | Queue | Villager (Male) |
| 18:10 | Queue | Villager (Male) |
| 18:11 | Queue | Villager (Male) |
| 18:28 | Queue | Villager (Male) |
| 18:28 | Queue | Villager (Male) |
| 18:30 | Queue | Villager (Male) |
| 18:39 | Build | House |
| 19:05 | Build | Palisade Wall |
| 19:13 | Build | Palisade Wall |
| 19:15 | Build | Palisade Gate |
| 19:33 | Build | Farm |
| 20:05 | Research | Scale Barding Armor |
| 20:14 | Build | Stable |
| 20:21 | Research | Bloodlines |
| 20:21 | Research | Bloodlines |
| 20:30 | Build | House |
| 20:31 | Queue | Villager (Male) |
| 21:08 | Build | House |
| 21:08 | Queue | Villager (Male) |
| 21:09 | Queue | Villager (Male) |
| 21:25 | Build | House |
| 21:42 | Build | House |
| 21:43 | Queue | Villager (Male) |
| 21:45 | Build | Farm |
| 21:46 | Build | Farm |
| 21:47 | Build | Farm |
| 21:53 | Build | Palisade Gate |
| 21:55 | Build | Palisade Wall |
| 21:57 | Build | Palisade Wall |
| 21:58 | Build | Palisade Wall |
| 21:58 | Build | Palisade Wall |
| 22:11 | Build | Palisade Wall |
| 22:26 | Build | Mule Cart |
| 22:29 | Queue | Villager (Male) |
| 22:31 | Build | Farm |
| 22:32 | Build | Farm |
| 22:37 | Queue | Villager (Male) |
| 22:54 | Queue | Scout Cavalry |
| 22:54 | Queue | Scout Cavalry |
| 22:54 | Queue | Scout Cavalry |
| 22:55 | Queue | Scout Cavalry |
| 22:56 | Queue | Scout Cavalry |
| 22:58 | Queue | Villager (Male) |
| 22:58 | Queue | Villager (Male) |
| 23:01 | Build | Farm |
| 23:01 | Build | Farm |
| 23:08 | Build | Mule Cart |
| 23:32 | Queue | Scout Cavalry |
| 23:32 | Queue | Scout Cavalry |
| 23:34 | Queue | Villager (Male) |
| 24:05 | Build | Palisade Wall |
| 24:13 | Queue | Villager (Male) |
| 24:31 | Build | Mule Cart |
| 24:41 | Build | House |
| 24:42 | Build | House |
| 24:44 | Queue | Villager (Male) |
| 24:53 | Queue | Villager (Male) |
| 24:53 | Queue | Villager (Male) |
| 24:56 | Build | Mill |
| 24:56 | Build | Farm |
| 24:57 | Build | Farm |
| 24:57 | Build | Farm |
| 24:57 | Build | Farm |
| 24:59 | Build | Farm |
Build order — [Gaucho] Santi
134 actions detected in the replay
| 1:02 | Build | Town Center |
| 2:54 | Queue | Villager (Male) ×4 |
| 2:55 | Queue | Villager (Male) ×4 |
| 2:55 | Queue | Villager (Male) ×4 |
| 3:46 | Queue | Villager (Male) |
| 4:08 | Queue | Villager (Male) |
| 4:09 | Queue | Villager (Male) |
| 4:32 | Queue | Villager (Male) |
| 4:32 | Queue | Villager (Male) |
| 4:56 | Queue | Villager (Male) |
| 5:04 | Build | Lumber Camp |
| 5:43 | Queue | Villager (Male) |
| 5:45 | Queue | Villager (Male) |
| 5:46 | Queue | Villager (Male) |
| 6:15 | Queue | Villager (Male) |
| 6:17 | Queue | Villager (Male) |
| 6:22 | Build | Palisade Wall |
| 6:43 | Queue | Villager (Male) |
| 6:51 | Queue | Villager (Male) |
| 8:13 | Build | Mill |
| 8:22 | Queue | Villager (Male) |
| 8:32 | Build | Palisade Wall |
| 8:47 | Queue | Villager (Male) |
| 9:15 | Build | Palisade Wall |
| 9:20 | Build | Palisade Wall |
| 9:31 | Research | Loom |
| 9:34 | Research | Feudal Age |
| 9:35 | Research | Loom |
| 11:04 | Build | Barracks |
| 11:42 | Build | Palisade Wall |
| 11:45 | Age | Feudal Age |
| 11:52 | Queue | Villager (Male) |
| 11:57 | Build | Stable |
| 12:29 | Queue | Villager (Male) |
| 12:58 | Queue | Villager (Male) |
| 13:01 | Queue | Scout Cavalry |
| 13:01 | Queue | Scout Cavalry |
| 13:02 | Queue | Scout Cavalry |
| 13:03 | Queue | Scout Cavalry |
| 13:12 | Research | Double-Bit Axe |
| 13:12 | Research | Double-Bit Axe |
| 13:12 | Research | Double-Bit Axe |
| 13:32 | Queue | Villager (Male) |
| 13:49 | Queue | Villager (Male) |
| 14:18 | Build | Mill |
| 14:21 | Queue | Villager (Male) |
| 14:45 | Queue | Villager (Male) |
| 15:01 | Queue | Villager (Male) |
| 15:12 | Build | Palisade Wall |
| 15:15 | Build | Palisade Wall |
| 15:35 | Build | Mining Camp |
| 15:36 | Queue | Villager (Male) |
| 16:15 | Queue | Villager (Male) |
| 16:26 | Build | Archery Range |
| 16:36 | Queue | Villager (Male) |
| 16:54 | Research | Town Watch |
| 17:04 | Queue | Villager (Male) |
| 17:13 | Queue | Archer |
| 17:13 | Queue | Archer |
| 17:43 | Queue | Villager (Male) |
| 17:52 | Queue | Archer |
| 18:15 | Queue | Villager (Male) |
| 18:25 | Queue | Scout Cavalry |
| 18:39 | Build | Blacksmith |
| 18:41 | Queue | Villager (Male) |
| 19:04 | Research | Fletching |
| 19:09 | Queue | Villager (Male) |
| 19:21 | Queue | Scout Cavalry |
| 19:37 | Build | Market |
| 19:39 | Queue | Villager (Male) |
| 20:10 | Research | Castle Age |
| 20:10 | Research | Castle Age |
| 20:11 | Research | Castle Age |
| 20:16 | Queue | Archer |
| 20:33 | Build | Watch Tower |
| 20:57 | Build | Lumber Camp |
| 21:18 | Queue | Archer |
| 21:56 | Queue | Archer |
| 22:15 | Build | Archery Range |
| 22:47 | Build | Archery Range |
| 22:50 | Age | Castle Age |
| 22:55 | Queue | Cavalry Archer |
| 22:55 | Queue | Cavalry Archer |
| 23:02 | Queue | Villager (Male) |
| 23:13 | Research | Bodkin Arrow |
| 23:14 | Research | Bodkin Arrow |
| 23:25 | Build | Siege Workshop |
| 23:45 | Queue | Cavalry Archer |
| 23:45 | Queue | Cavalry Archer |
| 23:46 | Queue | Villager (Male) |
| 23:55 | Queue | Villager (Male) |
| 24:19 | Queue | Battering Ram |
| 24:23 | Queue | Villager (Male) |
| 24:33 | Queue | Cavalry Archer |
| 24:49 | Queue | Cavalry Archer |
| 24:53 | Build | Mill |
| 25:05 | Queue | Cavalry Archer |
| 25:06 | Queue | Villager (Male) |
| 25:12 | Queue | Battering Ram |
| 25:20 | Queue | Villager (Male) |
| 25:32 | Build | Mill |
| 25:33 | Queue | Cavalry Archer |
| 25:42 | Queue | Villager (Male) |
| 25:43 | Queue | Cavalry Archer |
| 26:04 | Research | Bow Saw |
| 26:26 | Queue | Cavalry Archer |
| 26:37 | Queue | Villager (Male) |
| 26:54 | Queue | Cavalry Archer |
| 26:54 | Queue | Cavalry Archer |
| 27:07 | Queue | Cavalry Archer |
| 27:23 | Queue | Battering Ram |
| 27:29 | Queue | Villager (Male) |
| 27:47 | Queue | Villager (Male) |
| 27:47 | Queue | Cavalry Archer |
| 27:48 | Queue | Cavalry Archer |
| 28:04 | Queue | Villager (Male) |
| 28:23 | Queue | Battering Ram |
| 28:24 | Queue | Villager (Male) |
| 28:26 | Build | University |
| 28:42 | Research | Padded Archer Armor |
| 28:43 | Research | Padded Archer Armor |
| 28:43 | Queue | Cavalry Archer |
| 28:43 | Queue | Cavalry Archer |
| 28:44 | Queue | Cavalry Archer |
| 29:06 | Queue | Cavalry Archer |
| 29:06 | Queue | Cavalry Archer |
| 29:22 | Research | Ballistics |
| 29:23 | Research | Ballistics |
| 29:23 | Queue | Villager (Male) |
| 29:41 | Queue | Cavalry Archer |
| 29:56 | Build | Town Center |
| 30:00 | Queue | Cavalry Archer |
| 30:19 | Queue | Cavalry Archer |
| 30:22 | Queue | Villager (Male) |
Build order — HIX | Joako
First 150 of 157 actions detected
| 1:15 | Build | Town Center |
| 1:27 | Build | House |
| 3:30 | Queue | Villager (Male) |
| 3:31 | Queue | Villager (Male) |
| 3:31 | Queue | Villager (Male) |
| 3:31 | Queue | Villager (Male) |
| 3:31 | Queue | Villager (Male) |
| 4:31 | Queue | Villager (Male) |
| 4:32 | Queue | Villager (Male) |
| 4:46 | Queue | Villager (Male) |
| 4:46 | Queue | Villager (Male) |
| 5:11 | Queue | Villager (Male) |
| 5:11 | Queue | Villager (Male) |
| 5:22 | Build | Lumber Camp |
| 5:35 | Queue | Villager (Male) |
| 5:56 | Queue | Villager (Male) |
| 5:57 | Queue | Villager (Male) |
| 6:09 | Build | House |
| 6:17 | Research | Loom |
| 6:43 | Queue | Villager (Male) |
| 6:43 | Queue | Villager (Male) |
| 6:43 | Queue | Villager (Male) |
| 6:46 | Queue | Villager (Male) |
| 6:49 | Queue | Villager (Male) |
| 6:50 | Queue | Villager (Male) |
| 7:24 | Queue | Villager (Male) |
| 7:24 | Queue | Villager (Male) |
| 7:47 | Build | Mill |
| 8:18 | Build | House |
| 8:41 | Build | House |
| 9:00 | Queue | Villager (Male) |
| 9:01 | Queue | Villager (Male) |
| 9:01 | Queue | Villager (Male) |
| 10:20 | Queue | Villager (Male) |
| 10:27 | Build | House |
| 10:56 | Research | Feudal Age |
| 10:56 | Research | Feudal Age |
| 11:16 | Build | Mining Camp |
| 12:15 | Build | Barracks |
| 13:04 | Queue | Villager (Male) |
| 13:11 | Age | Feudal Age |
| 13:14 | Build | Archery Range |
| 13:15 | Queue | Villager (Male) |
| 13:35 | Build | House |
| 13:54 | Queue | Villager (Male) |
| 13:56 | Queue | Archer |
| 14:12 | Build | Archery Range |
| 14:13 | Queue | Villager (Male) |
| 14:25 | Queue | Archer |
| 14:26 | Queue | Villager (Male) |
| 14:31 | Queue | Archer |
| 14:46 | Queue | Villager (Male) |
| 14:56 | Queue | Archer |
| 15:00 | Queue | Archer |
| 15:15 | Queue | Archer |
| 15:18 | Queue | Villager (Male) |
| 15:22 | Queue | Archer |
| 15:22 | Queue | Archer |
| 15:24 | Queue | Villager (Male) |
| 15:25 | Queue | Skirmisher |
| 15:33 | Queue | Skirmisher |
| 15:34 | Queue | Villager (Male) |
| 15:40 | Queue | Villager (Male) |
| 15:49 | Queue | Skirmisher |
| 15:52 | Build | House |
| 15:55 | Queue | Villager (Male) |
| 15:57 | Build | Mining Camp |
| 16:02 | Queue | Skirmisher |
| 16:11 | Queue | Skirmisher |
| 16:25 | Queue | Villager (Male) |
| 16:34 | Queue | Villager (Male) |
| 16:47 | Build | Palisade Wall |
| 16:56 | Build | Palisade Gate |
| 16:59 | Build | Blacksmith |
| 17:14 | Queue | Archer |
| 17:16 | Queue | Skirmisher |
| 17:25 | Build | House |
| 17:42 | Research | Fletching |
| 17:43 | Research | Fletching |
| 17:45 | Queue | Villager (Male) |
| 17:47 | Build | Farm |
| 17:47 | Build | Farm |
| 17:47 | Build | Farm |
| 17:47 | Build | Farm |
| 17:48 | Build | Farm |
| 17:54 | Build | House |
| 17:55 | Build | House |
| 18:37 | Queue | Archer |
| 18:39 | Queue | Archer |
| 19:05 | Queue | Archer |
| 19:06 | Queue | Archer |
| 19:16 | Queue | Archer |
| 19:24 | Queue | Archer |
| 19:33 | Queue | Spearman |
| 19:35 | Queue | Skirmisher |
| 19:36 | Queue | Skirmisher |
| 20:04 | Queue | Archer |
| 20:05 | Queue | Villager (Male) |
| 20:05 | Queue | Villager (Male) |
| 20:08 | Queue | Villager (Male) |
| 20:09 | Build | Farm |
| 20:11 | Build | Mill |
| 20:12 | Build | Farm |
| 20:12 | Build | Farm |
| 20:12 | Build | Farm |
| 20:12 | Build | Farm |
| 20:17 | Build | Mill |
| 20:20 | Queue | Archer |
| 20:21 | Queue | Skirmisher |
| 20:39 | Queue | Archer |
| 20:47 | Build | House |
| 21:22 | Queue | Villager (Male) |
| 21:23 | Queue | Villager (Male) |
| 21:26 | Build | Farm |
| 21:35 | Queue | Villager (Male) |
| 21:38 | Queue | Villager (Male) |
| 21:53 | Queue | Archer |
| 21:55 | Queue | Villager (Male) |
| 22:04 | Queue | Archer |
| 22:04 | Queue | Skirmisher |
| 22:08 | Build | Blacksmith |
| 22:11 | Build | Market |
| 22:16 | Queue | Archer |
| 22:16 | Queue | Skirmisher |
| 22:54 | Queue | Villager (Male) |
| 23:07 | Queue | Archer |
| 23:08 | Queue | Skirmisher |
| 23:08 | Queue | Archer |
| 23:09 | Queue | Villager (Male) |
| 23:14 | Build | Farm |
| 23:14 | Build | Farm |
| 23:14 | Build | Farm |
| 23:24 | Queue | Archer |
| 23:27 | Build | House |
| 23:32 | Build | House |
| 23:40 | Build | Palisade Gate |
| 23:45 | Build | Palisade Wall |
| 23:57 | Queue | Villager (Male) |
| 23:59 | Queue | Villager (Male) |
| 24:04 | Build | Palisade Wall |
| 24:43 | Queue | Villager (Male) |
| 25:36 | Build | Farm |
| 25:37 | Build | Farm |
| 25:51 | Queue | Villager (Male) |
| 25:58 | Queue | Villager (Male) |
| 26:15 | Queue | Villager (Male) |
| 26:19 | Queue | Villager (Male) |
| 26:30 | Build | Farm |
| 26:35 | Build | Farm |
| 26:48 | Queue | Archer |
Build order — niap_cinorhc
First 150 of 201 actions detected
| 0:15 | Build | Town Center |
| 2:23 | Build | House |
| 2:34 | Queue | Villager (Male) |
| 2:35 | Queue | Villager (Male) |
| 2:35 | Queue | Villager (Male) |
| 2:35 | Queue | Villager (Male) |
| 2:36 | Queue | Villager (Male) |
| 4:07 | Queue | Villager (Male) |
| 4:08 | Queue | Villager (Male) |
| 4:15 | Build | House |
| 4:24 | Queue | Villager (Male) |
| 4:25 | Queue | Villager (Male) |
| 4:50 | Build | Lumber Camp |
| 4:54 | Queue | Villager (Male) |
| 4:54 | Queue | Villager (Male) |
| 5:16 | Queue | Villager (Male) |
| 5:17 | Queue | Villager (Male) |
| 5:41 | Queue | Villager (Male) |
| 5:41 | Queue | Villager (Male) |
| 5:41 | Queue | Villager (Male) |
| 6:05 | Queue | Villager (Male) |
| 6:06 | Queue | Villager (Male) |
| 6:25 | Build | House |
| 6:34 | Queue | Villager (Male) |
| 6:34 | Queue | Villager (Male) |
| 6:35 | Queue | Villager (Male) |
| 7:08 | Queue | Villager (Male) |
| 7:08 | Queue | Villager (Male) |
| 7:27 | Build | House |
| 7:54 | Research | Loom |
| 7:54 | Research | Loom |
| 7:54 | Research | Loom |
| 8:17 | Build | Mill |
| 8:27 | Queue | Villager (Male) |
| 8:50 | Queue | Villager (Male) |
| 9:24 | Research | Feudal Age |
| 9:24 | Research | Feudal Age |
| 9:24 | Research | Feudal Age |
| 9:47 | Build | Barracks |
| 10:47 | Build | House |
| 10:51 | Build | Palisade Wall |
| 10:55 | Queue | Villager (Male) |
| 11:34 | Age | Feudal Age |
| 11:36 | Build | Stable |
| 11:51 | Queue | Villager (Male) |
| 12:10 | Research | Horse Collar |
| 12:17 | Queue | Villager (Male) |
| 12:22 | Queue | Scout Cavalry |
| 12:22 | Queue | Scout Cavalry |
| 12:27 | Build | House |
| 12:31 | Build | Palisade Wall |
| 12:43 | Queue | Villager (Male) |
| 12:59 | Queue | Scout Cavalry |
| 13:01 | Queue | Villager (Male) |
| 13:05 | Build | Mill |
| 13:27 | Queue | Villager (Male) |
| 13:47 | Queue | Scout Cavalry |
| 13:47 | Queue | Scout Cavalry |
| 13:57 | Queue | Villager (Male) |
| 13:57 | Queue | Villager (Male) |
| 14:00 | Build | Farm |
| 14:36 | Build | Mining Camp |
| 14:58 | Queue | Villager (Male) |
| 14:59 | Queue | Villager (Male) |
| 15:00 | Build | Farm |
| 15:28 | Queue | Villager (Male) |
| 15:30 | Build | Farm |
| 15:45 | Queue | Scout Cavalry |
| 16:05 | Queue | Villager (Male) |
| 16:10 | Build | Farm |
| 16:11 | Build | Farm |
| 16:23 | Queue | Scout Cavalry |
| 16:28 | Build | House |
| 16:44 | Queue | Villager (Male) |
| 16:46 | Build | Farm |
| 16:56 | Queue | Scout Cavalry |
| 17:02 | Build | House |
| 17:10 | Build | Blacksmith |
| 17:13 | Queue | Villager (Male) |
| 17:20 | Build | House |
| 17:21 | Build | House |
| 17:36 | Queue | Scout Cavalry |
| 17:42 | Build | House |
| 17:44 | Queue | Villager (Male) |
| 17:44 | Queue | Villager (Male) |
| 17:53 | Queue | Villager (Male) |
| 17:57 | Research | Scale Barding Armor |
| 17:59 | Build | Farm |
| 18:22 | Build | Farm |
| 18:33 | Build | Mill |
| 18:49 | Queue | Villager (Male) |
| 18:52 | Research | Bloodlines |
| 18:52 | Research | Bloodlines |
| 18:52 | Research | Bloodlines |
| 19:02 | Build | Stable |
| 19:15 | Build | Lumber Camp |
| 19:26 | Research | Forging |
| 19:35 | Queue | Villager (Male) |
| 19:41 | Build | Farm |
| 19:42 | Build | Farm |
| 19:55 | Queue | Scout Cavalry |
| 19:55 | Queue | Scout Cavalry |
| 20:02 | Queue | Villager (Male) |
| 20:03 | Queue | Villager (Male) |
| 20:26 | Queue | Scout Cavalry |
| 20:26 | Queue | Scout Cavalry |
| 20:27 | Build | Farm |
| 20:33 | Queue | Villager (Male) |
| 20:37 | Build | Mining Camp |
| 20:49 | Queue | Scout Cavalry |
| 20:49 | Queue | Scout Cavalry |
| 21:11 | Queue | Scout Cavalry |
| 21:12 | Queue | Scout Cavalry |
| 21:14 | Queue | Villager (Male) |
| 21:15 | Build | Farm |
| 21:31 | Build | House |
| 21:31 | Build | House |
| 21:54 | Queue | Villager (Male) |
| 21:57 | Build | House |
| 21:57 | Build | House |
| 21:57 | Build | House |
| 21:58 | Build | House |
| 22:20 | Queue | Scout Cavalry |
| 22:21 | Queue | Scout Cavalry |
| 22:28 | Queue | Villager (Male) |
| 22:28 | Queue | Villager (Male) |
| 22:30 | Build | Farm |
| 22:42 | Queue | Villager (Male) |
| 22:48 | Queue | Scout Cavalry |
| 22:49 | Queue | Scout Cavalry |
| 23:00 | Queue | Scout Cavalry |
| 23:02 | Queue | Scout Cavalry |
| 23:05 | Queue | Villager (Male) |
| 23:09 | Build | Farm |
| 23:11 | Build | Farm |
| 23:11 | Build | Farm |
| 23:24 | Build | Watch Tower |
| 23:35 | Build | Farm |
| 23:37 | Build | Farm |
| 23:54 | Queue | Scout Cavalry |
| 23:55 | Queue | Scout Cavalry |
| 24:09 | Queue | Villager (Male) |
| 24:26 | Queue | Scout Cavalry |
| 24:27 | Queue | Scout Cavalry |
| 24:30 | Build | Stable |
| 24:32 | Build | Farm |
| 24:33 | Queue | Villager (Male) |
| 24:36 | Build | Mill |
| 24:48 | Build | Farm |
| 24:50 | Build | Farm |
Build order — HIX | Mark Anthony
132 actions detected in the replay
| 1:03 | Build | Town Center |
| 1:44 | Build | House |
| 3:14 | Queue | Villager (Male) |
| 3:14 | Queue | Villager (Male) |
| 3:15 | Queue | Villager (Male) |
| 3:15 | Queue | Villager (Male) |
| 3:16 | Queue | Villager (Male) |
| 4:18 | Queue | Villager (Male) |
| 4:18 | Queue | Villager (Male) |
| 4:35 | Build | House |
| 4:38 | Queue | Villager (Male) |
| 4:39 | Queue | Villager (Male) |
| 4:39 | Queue | Villager (Male) |
| 5:27 | Research | Loom |
| 5:35 | Queue | Villager (Male) |
| 5:36 | Queue | Villager (Male) |
| 5:54 | Queue | Villager (Male) |
| 5:55 | Queue | Villager (Male) |
| 5:55 | Queue | Villager (Male) |
| 6:12 | Queue | Villager (Male) |
| 6:13 | Queue | Villager (Male) |
| 6:16 | Queue | Villager (Male) |
| 6:16 | Queue | Villager (Male) |
| 6:52 | Queue | Villager (Male) |
| 6:52 | Queue | Villager (Male) |
| 7:03 | Build | House |
| 7:38 | Queue | Villager (Male) |
| 7:38 | Queue | Villager (Male) |
| 7:39 | Queue | Villager (Male) |
| 7:46 | Build | Mill |
| 8:11 | Queue | Villager (Male) |
| 8:12 | Queue | Villager (Male) |
| 9:17 | Build | Lumber Camp |
| 10:20 | Research | Feudal Age |
| 11:16 | Build | Barracks |
| 12:06 | Build | House |
| 12:17 | Build | Mining Camp |
| 12:22 | Queue | Militia |
| 12:22 | Queue | Militia |
| 12:22 | Queue | Militia |
| 12:44 | Build | House |
| 12:54 | Age | Feudal Age |
| 12:57 | Queue | Villager (Male) |
| 12:57 | Queue | Villager (Male) |
| 13:04 | Build | Archery Range |
| 13:08 | Research | Double-Bit Axe |
| 13:18 | Build | House |
| 13:27 | Build | House |
| 13:28 | Research | Man-at-Arms (upgrade) |
| 13:50 | Queue | Skirmisher |
| 13:50 | Queue | Skirmisher |
| 13:50 | Queue | Skirmisher |
| 14:06 | Queue | Villager (Male) |
| 14:07 | Queue | Villager (Male) |
| 14:07 | Queue | Villager (Male) |
| 14:11 | Build | Farm |
| 14:12 | Build | Farm |
| 14:13 | Build | Farm |
| 14:15 | Build | Farm |
| 14:19 | Queue | Villager (Male) |
| 15:19 | Queue | Villager (Male) |
| 15:20 | Queue | Spearman |
| 15:23 | Queue | Skirmisher |
| 15:23 | Queue | Skirmisher |
| 15:23 | Queue | Skirmisher |
| 15:57 | Queue | Spearman |
| 16:17 | Queue | Villager (Male) |
| 16:18 | Queue | Villager (Male) |
| 16:21 | Build | Blacksmith |
| 16:23 | Build | House |
| 16:27 | Build | House |
| 16:29 | Queue | Villager (Male) |
| 16:37 | Build | House |
| 16:40 | Build | House |
| 16:46 | Queue | Villager (Male) |
| 17:13 | Research | Fletching |
| 17:15 | Research | Padded Archer Armor |
| 17:18 | Queue | Spearman |
| 17:25 | Queue | Villager (Male) |
| 17:27 | Build | Farm |
| 17:30 | Queue | Villager (Male) |
| 17:41 | Build | House |
| 17:44 | Queue | Villager (Male) |
| 17:53 | Research | Scale Mail Armor |
| 18:39 | Queue | Spearman |
| 18:39 | Queue | Spearman |
| 18:41 | Queue | Skirmisher |
| 18:41 | Queue | Skirmisher |
| 18:43 | Queue | Villager (Male) |
| 18:44 | Queue | Villager (Male) |
| 19:21 | Queue | Villager (Male) |
| 19:24 | Queue | Skirmisher |
| 19:24 | Queue | Skirmisher |
| 19:44 | Build | Farm |
| 19:48 | Build | Farm |
| 19:51 | Build | Farm |
| 20:07 | Queue | Skirmisher |
| 20:07 | Queue | Skirmisher |
| 20:07 | Queue | Skirmisher |
| 20:12 | Build | Farm |
| 20:14 | Build | Farm |
| 20:43 | Queue | Villager (Male) |
| 20:44 | Queue | Villager (Male) |
| 20:44 | Queue | Villager (Male) |
| 21:05 | Queue | Spearman |
| 21:05 | Queue | Spearman |
| 21:42 | Queue | Villager (Male) |
| 21:42 | Queue | Villager (Male) |
| 22:24 | Build | Lumber Camp |
| 23:00 | Build | Farm |
| 23:01 | Build | Farm |
| 23:02 | Build | Farm |
| 23:08 | Queue | Villager (Male) |
| 23:11 | Build | Market |
| 23:19 | Queue | Villager (Male) |
| 23:33 | Queue | Skirmisher |
| 23:33 | Queue | Skirmisher |
| 24:23 | Build | Lumber Camp |
| 24:34 | Research | Castle Age |
| 24:34 | Research | Castle Age |
| 24:34 | Research | Castle Age |
| 25:10 | Build | Watch Tower |
| 26:49 | Build | Stone Wall |
| 26:54 | Build | Stone Wall |
| 27:14 | Age | Castle Age |
| 27:37 | Build | Town Center |
| 28:29 | Build | Town Center |
| 29:09 | Build | Mill |
| 29:17 | Queue | Villager (Male) |
| 29:18 | Queue | Villager (Male) |
| 29:18 | Queue | Villager (Male) |
| 29:48 | Build | Town Center |
Match timeline
| 5:43 | Dunperta · first_building Dock |
| 5:49 | Dunperta · wall_segment Palisade Wall x1 |
| 6:22 | [Gaucho] Santi · wall_segment Palisade Wall x1 |
| 7:35 | Dunperta · wall_segment Palisade Wall x1 |
| 8:32 | [Gaucho] Santi · wall_segment Palisade Wall x1 |
| 9:15 | [Gaucho] Santi · wall_segment Palisade Wall x1 |
| 9:20 | [Gaucho] Santi · wall_segment Palisade Wall x1 |
| 9:21 | Dunperta · first_building Barracks |
| 9:47 | niap_cinorhc · first_building Barracks |
| 10:05 | RogerRamjet · first_building Barracks |
| 10:51 | niap_cinorhc · wall_segment Palisade Wall x3 |
| 11:04 | [Gaucho] Santi · first_building Barracks |
| 11:06 | 祈求好运 · wall_segment Palisade Wall x7 |
| 11:16 | HIX | Mark Anthony · first_building Barracks |
| 11:34 | niap_cinorhc · age_up feudal |
| 11:36 | niap_cinorhc · first_building Stable |
| 11:42 | [Gaucho] Santi · wall_segment Palisade Wall x1 |
| 11:45 | [Gaucho] Santi · age_up feudal |
| 11:57 | [Gaucho] Santi · first_building Stable |
| 12:07 | HIX | Jager_Master · first_building Barracks |
| 12:09 | RogerRamjet · age_up feudal |
| 12:10 | 祈求好运 · wall_segment Palisade Wall x2 |
| 12:11 | RogerRamjet · first_building Stable |
| 12:15 | HIX | Joako · first_building Barracks |
| 12:28 | Dunperta · age_up feudal |
| 12:30 | Dunperta · first_building Archery Range |
| 12:31 | niap_cinorhc · wall_segment Palisade Wall x3 |
| 12:36 | 祈求好运 · wall_segment Palisade Wall x7 |
| 12:52 | 祈求好运 · first_building Barracks |
| 12:54 | HIX | Mark Anthony · age_up feudal |
| 12:59 | 祈求好运 · wall_segment Palisade Wall x1 |
| 13:02 | Dunperta · wall_segment Palisade Wall x1 |
| 13:03 | Dunperta · wall_segment Palisade Wall x1 |
| 13:04 | HIX | Mark Anthony · first_building Archery Range |
| 13:04 | Dunperta · wall_segment Palisade Wall x1 |
| 13:05 | Dunperta · wall_segment Palisade Wall x1 |
| 13:06 | Dunperta · wall_segment Palisade Wall x1 |
| 13:08 | Dunperta · wall_segment Palisade Wall x1 |
| 13:09 | Dunperta · wall_segment Palisade Wall x1 |
| 13:10 | Dunperta · wall_segment Palisade Wall x1 |
| 13:11 | HIX | Joako · age_up feudal |
| 13:11 | Dunperta · wall_segment Palisade Wall x1 |
| 13:13 | Dunperta · wall_segment Palisade Wall x1 |
| 13:14 | HIX | Joako · first_building Archery Range |
| 13:47 | RogerRamjet · wall_segment Palisade Wall x3 |
| 14:10 | HIX | Jager_Master · age_up feudal |
| 14:51 | HIX | Jager_Master · wall_segment Palisade Wall x1 |
| 14:52 | HIX | Jager_Master · wall_segment Palisade Wall x1 |
| 14:52 | 祈求好运 · age_up feudal |
| 14:55 | 祈求好运 · wall_segment Palisade Wall x5 |
| 15:00 | 祈求好运 · first_building Archery Range |
| 15:12 | [Gaucho] Santi · wall_segment Palisade Wall x1 |
| 15:15 | [Gaucho] Santi · wall_segment Palisade Wall x1 |
| 15:31 | HIX | Jager_Master · first_building Archery Range |
| 15:51 | HIX | Jager_Master · wall_segment Palisade Wall x1 |
| 15:52 | HIX | Jager_Master · wall_segment Palisade Wall x1 |
| 16:26 | [Gaucho] Santi · first_building Archery Range |
| 16:47 | HIX | Joako · wall_segment Palisade Wall x1 |
| 16:50 | 祈求好运 · wall_segment Palisade Wall x15 |
| 17:41 | Dunperta · first_building Stable |
| 18:37 | 祈求好运 · wall_segment Palisade Wall x8 |
| 18:47 | 祈求好运 · age_up castle |
| 19:05 | RogerRamjet · wall_segment Palisade Wall x8 |
| 19:13 | RogerRamjet · wall_segment Palisade Wall x8 |
| 20:10 | HIX | Jager_Master · age_up castle |
| 20:32 | HIX | Jager_Master · first_building Siege Workshop |
| 21:55 | RogerRamjet · wall_segment Palisade Wall x1 |
| 21:56 | HIX | Jager_Master · wall_segment Palisade Wall x2 |
| 21:57 | RogerRamjet · wall_segment Palisade Wall x1 |
| 21:58 | RogerRamjet · wall_segment Palisade Wall x1 |
| 21:58 | RogerRamjet · wall_segment Palisade Wall x1 |
| 22:11 | RogerRamjet · wall_segment Palisade Wall x20 |
| 22:12 | HIX | Jager_Master · wall_segment Palisade Wall x1 |
| 22:43 | [Gaucho] Santi · first_market_buy 100 wood |
| 22:50 | [Gaucho] Santi · age_up castle |
| 23:04 | HIX | Jager_Master · wall_segment Palisade Wall x1 |
| 23:25 | [Gaucho] Santi · first_building Siege Workshop |
| 23:45 | HIX | Joako · wall_segment Palisade Wall x1 |
| 24:04 | HIX | Joako · wall_segment Palisade Wall x1 |
| 24:05 | RogerRamjet · wall_segment Palisade Wall x1 |
| 24:46 | HIX | Joako · first_market_sell 100 stone |
| 25:21 | 祈求好运 · first_building Siege Workshop |
| 25:29 | HIX | Jager_Master · first_market_sell 100 stone |
| 25:54 | HIX | Joako · first_market_buy 100 food |
| 26:49 | HIX | Mark Anthony · wall_segment Stone Wall x1 |
| 26:54 | HIX | Mark Anthony · wall_segment Stone Wall x1 |
| 27:14 | HIX | Mark Anthony · age_up castle |
| 27:29 | HIX | Mark Anthony · first_market_buy 100 stone |
| 28:21 | Dunperta · age_up castle |
| 28:58 | niap_cinorhc · first_market_buy 100 stone |
| 29:04 | RogerRamjet · age_up castle |
| 29:35 | HIX | Mark Anthony · first_market_sell 100 wood |
| 30:00 | HIX | Joako · resign |
[ AI ANALYSIS · 1 CREDIT ]
What really happened in this match?
Wolo.gg analyzes every decision: build order, eco, micro, common mistakes by bracket. Personalized analysis on WhatsApp or Discord in 30 seconds.
Civ guide
Berbers
Perfil
Dunperta